 Dungeon Crawl Stone Soup version 0.20.1-1-g8b1a95d (webtiles) character file.

758 polve the Chiller (level 7, -5/46 HPs)
             Began as a Merfolk Ice Elementalist on Aug 13, 2017.
             Slain by a gnoll
             ... wielding a +1 flail of protection
              (9 damage)
             ... on level 4 of the Dungeon.
             The game lasted 00:06:17 (5483 turns).

polve the Chiller (Merfolk Ice Elementalist)        Turns: 5483, Time: 00:06:18

Health: -5/46      AC:  4    Str: 10    XL:     7   Next: 80%
Magic:  0/10       EV: 13    Int: 18    God:
Gold:   244        SH:  0    Dex: 14    Spells: 2/10 levels left

rFire    . . .     SeeInvis .   i - +0 spear
rCold    . . .     Gourm    .   (no shield)
rNeg     . . .     Faith    .   a - +0 robe
rPois    .         Spirit   .   d - +0 helmet
rElec    .         Reflect  .   f - +0 cloak
rCorr    .         Harm     .   (no gloves)
MR       .....                  (no boots)
Stlth    ++........             (no amulet)
Regen    0.2/turn               o - +3 ring of intelligence
MPRegen  0.2/turn               (no ring)

@: lethally poisoned (-5 -> -6)
A: change form in water, swift swim, stealthy swim
a: no special abilities


You were on level 4 of the Dungeon.
You were not hungry.

You visited 1 branch of the dungeon, and saw 5 of its levels.

You collected 244 gold pieces.

Inventory:

Hand Weapons
 i - a +0 spear (weapon)
Armour
 a - a +0 robe (worn)
 d - a +0 helmet (worn)
 f - a +0 cloak (worn)
Jewellery
 o - a +3 ring of intelligence (left hand)
 u - an uncursed ring of positive energy {unknown}
Scrolls
 e - 6 scrolls of identify {unknown}
 g - 3 scrolls of remove curse {unknown}
 j - a scroll of blinking {unknown}
 l - 2 scrolls of teleportation {unknown}
 q - a scroll of enchant weapon {unknown}
 t - a scroll of magic mapping {unknown}
Potions
 k - a potion of haste {unknown}
 m - a potion of curing {unknown}
 p - a potion of brilliance {unknown}
 r - a potion of degeneration {unknown}
 s - a potion of might {unknown}
Books
 b - a book of Frost

   Spells                             Type                      Level
   a - Freeze                         Ice                          1
   b - Throw Frost                    Conjuration/Ice              2
   c - Ozocubu's Armour               Charms/Ice                   3
   d - Throw Icicle                   Conjuration/Ice              4
   e - Summon Ice Beast               Ice/Summoning                4
Comestibles
 c - 3 bread rations
 h - 13 fruits
 n - 3 royal jellies


   Skills:
 + Level 5.2 Polearms
 - Level 2.6 Dodging
 - Level 2.1 Stealth
 - Level 2.0 Spellcasting
 + Level 1.5 Conjurations
 - Level 3.6 Charms
 - Level 7.6 Ice Magic


You had 2 spell levels left.
You knew the following spells:

 Your Spells              Type           Power        Failure   Level  Hunger
a - Freeze                Ice            ####         1%          1    #......
b - Ozocubu's Armour      Chrm/Ice       ###.....     5%          3    ###....
c - Throw Icicle          Conj/Ice       ###.....     26%         4    #####..


Dungeon Overview and Level Annotations

Branches:
Dungeon (5/15)
 Temple: D:4-7

Altars:
Fedhas
Gozag
Makhleb


Message History

The gnoll hits you with a whip.
* * * LOW HITPOINT WARNING * * *
There is a stone staircase leading up here.
You feel sick.
The gnoll hits you with a flail of protection.
* * * LOW HITPOINT WARNING * * *
The gnoll misses you. The gnoll hits you with a whip.
* * * LOW HITPOINT WARNING * * *
You climb upwards.
There is a stone staircase leading down here.
Casting: Freeze
Confirm with . or Enter, or press ? or * to list all spells.
Aiming: Freeze
Press: ? - help, Shift-Dir - straight line, f - gnoll
Aim: a gnoll, wielding a whip You freeze the gnoll.
The gnoll is lightly wounded.
You feel sick.
The gnoll hits you with a flail of protection!
You die...

###...#######......<.###.........
##..# #.###..#.# ##.......# ##.#
#.###.##.# ##.....## #.#
#.##.#.#.# ##...## #.# #.#.###..#
##'## #.# #.##.#.#.# #.# #.#
#.###.##.# #.# #.#
#.###g##.#######.## #.#
#...@g............### #####.#
#####.#.............. ...)..#
##.#..#####......# #######
##.....##.^........ #
#.........##......# #
##.............####
##.#.######...####
###.............. ##########
##########.####


You could see 2 gnolls.

Vanquished Creatures
  Sigmund (D:3)
  A sky beast (D:4)
  An ogre (D:4)
  2 orc priests (D:4)
  3 hounds
  A bullfrog skeleton (D:5)
  Ijyb (D:3)
  2 iguanas
  A hound skeleton (D:4)
  4 adders
  2 gnolls (D:5)
  A shadow imp (D:5)
  2 oozes
  2 worms
  A dart slug (D:1)
  A leopard gecko (D:4)
  7 orcs
  6 bats (D:1)
  5 giant cockroaches
  2 goblins (D:1)
  7 hobgoblins
  13 jackals
  6 ball pythons
  4 frilled lizards
  A giant cockroach zombie (D:5)
  5 kobolds
  7 rats
89 creatures vanquished.

Notes
Turn   | Place    | Note
-------+----------+-------------------------------------------
     0 | D:1      | polve the Merfolk Ice Elementalist began the quest for the Orb.
     0 | D:1      | Reached XP level 1. HP: 13/13 MP: 3/3
   147 | D:1      | Reached XP level 2. HP: 15/19 MP: 3/5
   268 | D:1      | Reached skill level 4 in Ice Magic
   761 | D:1      | Reached XP level 3. HP: 24/24 MP: 3/6
  1484 | D:2      | Found a blossoming altar of Fedhas.
  1671 | D:2      | Reached skill level 5 in Ice Magic
  2332 | D:3      | Reached XP level 4. HP: 30/30 MP: 5/7
  2443 | D:3      | Noticed Ijyb
  2456 | D:3      | Killed Ijyb
  2589 | D:3      | Noticed Sigmund
  2630 | D:3      | Killed Sigmund
  2630 | D:3      | Reached skill level 7 in Ice Magic
  2630 | D:3      | Reached XP level 5. HP: 10/35 MP: 8/8
  2630 | D:3      | Reached XP level 6. HP: 12/41 MP: 9/9
  2891 | D:3      | Found an opulent altar of Gozag.
  3004 | D:3      | Found a burning altar of Makhleb.
  3182 | D:3      | Learned a level 3 spell: Ozocubu's Armour
  3187 | D:3      | Learned a level 4 spell: Throw Icicle
  3416 | D:3      | You fall through a shaft for 2 floors!
  3416 | D:5      | Entered Level 5 of the Dungeon
  3733 | D:4      | Reached skill level 1 in Polearms
  3733 | D:4      | Reached skill level 1 in Charms
  4155 | D:4      | Reached XP level 7. HP: 46/46 MP: 4/10
  5136 | D:5      | Reached skill level 1 in Conjurations
  5260 | D:5      | Reached skill level 5 in Polearms
  5483 | D:4      | Slain by a gnoll

Skill      XL: |  1  2  3  4  5  6  7 |
---------------+----------------------+-----
Ice Magic      | 4 5 7 |  7.6
Polearms       | 2 5 |  5.2
Charms         | 2 3 |  3.6
Conjurations   | 1 |  1.5
Dodging        | |  2.6
Stealth        | |  2.1
Spellcasting   | |  2.0

Action                   |  1- 3 |  4- 6 |  7- 9 || total
-------------------------+-------+-------+-------++-------
Melee: Unarmed           |    51 |    28 |       ||    79
       Spear             |       |    21 |    90 ||   111
 Cast: Freeze            |    66 |    43 |    46 ||   155
       Ozocubu's Armour  |       |       |     1 ||     1
  Use: Potion            |       |     4 |       ||     4
 Stab: Sleeping          |     5 |     2 |     1 ||     8
  Eat: Chunk             |     4 |     6 |     6 ||    16
       Fruit             |       |       |     1 ||     1
Armor: Robe              |    20 |    21 |    31 ||    72
       Skin              |       |    13 |       ||    13
Dodge: Dodged            |    82 |    55 |    97 ||   234
